ESL (28 & UNDER)
BUTLER WHITE SOX @ READING RAINBOWS
08/20/2026
 
TOP OF THE 1ST
Butler White Sox batting - Pitching for Reading Rainbows : LHP Tomás López
Pitching: LHP Tomás López
Batting: LHB Don Hull 0-0: Ball
1-0: Foul Ball, location: 2F
1-1: Called Strike
1-2: Foul Ball, location: 2F
1-2: Foul Ball, location: 2F
1-2: Fly out, F8 (Flyball, 8RM)
Batting: RHB Rodney González 0-0: Ball
1-0: Called Strike
1-1: Ground out 4-3 (Groundball, 4)
Batting: RHB Luis Ramos 0-0: Ball
1-0: Fly out, F3 (Popup, 3SF)
Top of the 1st over - 0 run(s), 0 hit(s), 0 error(s), 0 left on base; Butler 0 - Reading 0
BOTTOM OF THE 1ST
Reading Rainbows batting - Pitching for Butler White Sox : RHP Pedro Mendoza
Pitching: RHP Pedro Mendoza
Batting: LHB Alfonso Ruíz 0-0: Ball
1-0: Ball
2-0: Foul Ball, location: 2F
2-1: Ball
3-1: Base on Balls
Batting: RHB Von Ford 0-0: Ball
1-0: Ball
2-0: Ball
3-0: Called Strike
3-1: TRIPLE (Flyball, 9LM)
Alfonso Ruíz scores
Batting: RHB Dan Banks 0-0: Foul Ball, location: 2F
0-1: Swinging Strike
0-2: Ball
1-2: Ball
2-2: Strikes out swinging
Batting: RHB Germano Labrego 0-0: Foul Ball, location: 2F
0-1: Ball
1-1: Ball
2-1: Swinging Strike
2-2: Reaches on Catchers interference
Batting: RHB Albert Lutz 0-0: Ball
1-0: Called Strike
1-1: Ball
2-1: Ball
3-1: Foul Ball, location: 2F
3-2: Fly out, F5 (Line Drive, 5L)
Batting: LHB Shane Lynch 0-0: Called Strike
0-1: Ball
1-1: Ball
2-1: Foul Ball, location: 2F
2-2: Strikes out swinging
Bottom of the 1st over - 1 run(s), 1 hit(s), 1 error(s), 2 left on base; Butler 0 - Reading 1
TOP OF THE 2ND
Butler White Sox batting - Pitching for Reading Rainbows : LHP Tomás López
Batting: SHB Ben Marks 0-0: SINGLE (Line Drive, 34D)
Batting: LHB Dave Cook 0-0: Ball
1-0: Foul Ball, location: 2F
1-1: Called Strike
1-2: Fly out, F9 (Flyball, 9M)
Batting: RHB Evan Robinson 0-0: Called Strike
0-1: Swinging Strike
0-2: Ball
1-2: Foul Ball, location: 2F
1-2: Strikes out swinging
Batting: LHB Ron Crawford 0-0: Fly out, F8 (Flyball, 8RS)
Top of the 2nd over - 0 run(s), 1 hit(s), 0 error(s), 1 left on base; Butler 0 - Reading 1
BOTTOM OF THE 2ND
Reading Rainbows batting - Pitching for Butler White Sox : RHP Pedro Mendoza
Batting: LHB John Hudson 0-0: Ball
1-0: Called Strike
1-1: Foul Ball, location: 2F
Reached via error on a dropped throw, E1
Batting: RHB Donald Sanford 0-0: Foul Ball, location: 2F
0-1: Ball
1-1: Ball
2-1: Ball
3-1: Called Strike
3-2: Base on Balls
John Hudson to second
Batting: LHB Wally Coker 0-0: SINGLE (Line Drive, 9LS)
John Hudson to third
Donald Sanford to second
Runner from 3rd tries for Home, throw and OUT!
Donald Sanford to third
Wally Coker to second
Batting: LHB Alfonso Ruíz 0-0: SINGLE (Groundball, 56D) (infield hit)
Donald Sanford scores
Wally Coker to third
Batting: RHB Von Ford 0-0: Called Strike
0-1: Ball
Alfonso Ruíz steals 2nd base
1-1: Called Strike
1-2: Ball
2-2: Strikes out swinging
Batting: RHB Dan Banks 0-0: Ball
1-0: Ball
2-0: Called Strike
2-1: Called Strike
2-2: Strikes out swinging
Bottom of the 2nd over - 1 run(s), 2 hit(s), 1 error(s), 2 left on base; Butler 0 - Reading 2
TOP OF THE 3RD
Butler White Sox batting - Pitching for Reading Rainbows : LHP Tomás López
Batting: RHB Raúl Bruno 0-0: Ball
1-0: Called Strike
1-1: Swinging Strike
1-2: Strikes out swinging
Batting: LHB Mike Pearson 0-0: Swinging Strike
0-1: Called Strike
0-2: Ball
1-2: Strikes out swinging
Batting: LHB Don Hull 0-0: Called Strike
0-1: Foul Ball, location: 2F
0-2: Strikes out swinging
Top of the 3rd over - 0 run(s), 0 hit(s), 0 error(s), 0 left on base; Butler 0 - Reading 2
BOTTOM OF THE 3RD
Reading Rainbows batting - Pitching for Butler White Sox : RHP Pedro Mendoza
Batting: RHB Germano Labrego 0-0: Called Strike
0-1: SINGLE (Line Drive, 7LS)
Batting: RHB Albert Lutz 0-0: Called Strike
0-1: SINGLE (Flyball, 7S)
Germano Labrego to second
Batting: LHB Shane Lynch 0-0: Swinging Strike
0-1: Ball
1-1: Fielders Choice at 2nd, 3-6 (Groundball, 3)
Germano Labrego to third
Batting: LHB John Hudson 0-0: Ball
1-0: Called Strike
1-1: Ball
2-1: Ball
3-1: Base on Balls
Shane Lynch to second
Batting: RHB Donald Sanford 0-0: Called Strike
0-1: Swinging Strike
0-2: Ball
1-2: Foul Ball, location: 2F
1-2: DOUBLE (Line Drive, 78D)
Germano Labrego scores
Shane Lynch scores
John Hudson to third
Batting: LHB Wally Coker 0-0: Ball
1-0: Called Strike
1-1: Foul Ball, location: 2F
1-2: Strikes out swinging
Batting: LHB Alfonso Ruíz 0-0: Ball
1-0: Ball
2-0: Called Strike
2-1: Ball
3-1: Base on Balls
Batting: RHB Von Ford 0-0: Ball
1-0: Called Strike
1-1: Ball
2-1: TRIPLE (Line Drive, 8LXD)
John Hudson scores
Donald Sanford scores
Alfonso Ruíz scores
Batting: RHB Dan Banks 0-0: Ball
1-0: Ground out 6-3 (Groundball, 6M)
Bottom of the 3rd over - 5 run(s), 4 hit(s), 0 error(s), 1 left on base; Butler 0 - Reading 7
TOP OF THE 4TH
Butler White Sox batting - Pitching for Reading Rainbows : LHP Tomás López
Batting: RHB Rodney González 0-0: Called Strike
0-1: Ball
1-1: Ground out 6-3 (Groundball, 6)
Batting: RHB Luis Ramos 0-0: Called Strike
0-1: Fly out, F8 (Flyball, 8RM)
Batting: SHB Ben Marks 0-0: Swinging Strike
0-1: Ground out U3 (Groundball, 3)
Top of the 4th over - 0 run(s), 0 hit(s), 0 error(s), 0 left on base; Butler 0 - Reading 7
BOTTOM OF THE 4TH
Reading Rainbows batting - Pitching for Butler White Sox : RHP Pedro Mendoza
Pitching: LHP Francisco Rodríguez
Batting: RHB Germano Labrego 0-0: Ball
1-0: Called Strike
1-1: Ball
2-1: Called Strike
2-2: Ball
3-2: Base on Balls
Batting: RHB Albert Lutz 0-0: Called Strike
0-1: Ball
1-1: Ball
2-1: Ball
3-1: Base on Balls
Germano Labrego to second
Batting: LHB Shane Lynch 0-0: Called Strike
0-1: Ball
1-1: Called Strike
1-2: Ball
2-2: Foul Ball, location: 2F
2-2: Strikes out swinging
Batting: LHB John Hudson 0-0: Ball
1-0: Fielders Choice at 2nd, 6-4 (Groundball, 6)
Germano Labrego to third
Batting: RHB Donald Sanford 0-0: Ball
1-0: Called Strike
1-1: Foul Ball, location: 2F
1-2: Fielders Choice at 2nd, U6 (Groundball, 6M)
Bottom of the 4th over - 0 run(s), 0 hit(s), 0 error(s), 2 left on base; Butler 0 - Reading 7
TOP OF THE 5TH
Butler White Sox batting - Pitching for Reading Rainbows : LHP Tomás López
Batting: LHB Dave Cook 0-0: Ball
1-0: Called Strike
1-1: Foul Ball, location: 2F
1-2: Ball
2-2: Ball
3-2: DOUBLE (Flyball, 9LM)
Batting: RHB Evan Robinson 0-0: Ball
1-0: Called Strike
1-1: Ball
2-1: Ball
3-1: Base on Balls
Batting: LHB Ron Crawford 0-0: Called Strike
0-1: Swinging Strike
0-2: Ball
1-2: Foul Ball, location: 2F
1-2: Ball
2-2: Foul Ball, location: 2F
2-2: Strikes out swinging
Batting: RHB Raúl Bruno 0-0: Ball
1-0: SINGLE (Line Drive, 9LS)
Dave Cook to third
Evan Robinson to second
Batting: LHB Mike Pearson 0-0: Ball
1-0: Called Strike
1-1: Foul Ball, location: 2F
1-2: Ball
2-2: Ball
3-2: Foul Ball, location: 2F
3-2: Strikes out swinging
Batting: LHB Don Hull 0-0: Called Strike
0-1: Ball
1-1: Foul Ball, location: 2F
1-2: Ball
2-2: Strikes out swinging
Top of the 5th over - 0 run(s), 2 hit(s), 0 error(s), 3 left on base; Butler 0 - Reading 7
BOTTOM OF THE 5TH
Reading Rainbows batting - Pitching for Butler White Sox : LHP Francisco Rodríguez
Batting: LHB Wally Coker 0-0: Ball
1-0: Fly out, F7 (Flyball, 78M)
Batting: LHB Alfonso Ruíz 0-0: Swinging Strike
0-1: Ground out 2-3 (Groundball, 2L)
Batting: RHB Von Ford 0-0: Called Strike
0-1: Ball
1-1: Ball
2-1: Ball
3-1: Base on Balls
Batting: RHB Dan Banks 0-0: Called Strike
Von Ford steals 2nd base
0-1: Swinging Strike
0-2: Ground out 5-3 (Groundball, 5S)
Bottom of the 5th over - 0 run(s), 0 hit(s), 0 error(s), 1 left on base; Butler 0 - Reading 7
TOP OF THE 6TH
Butler White Sox batting - Pitching for Reading Rainbows : LHP Tomás López
Batting: RHB Rodney González 0-0: Called Strike
0-1: Ground out 4-3 (Groundball, 4)
Batting: RHB Luis Ramos 0-0: Foul Ball, location: 2F
0-1: Swinging Strike
0-2: Strikes out swinging
Batting: SHB Ben Marks 0-0: Called Strike
0-1: Foul Ball, location: 2F
0-2: Foul Ball, location: 2F
0-2: DOUBLE (Flyball, 7LM)
Batting: LHB Dave Cook 0-0: Ball
1-0: Foul Ball, location: 2F
1-1: Called Strike
1-2: Strikes out swinging
Top of the 6th over - 0 run(s), 1 hit(s), 0 error(s), 1 left on base; Butler 0 - Reading 7
BOTTOM OF THE 6TH
Reading Rainbows batting - Pitching for Butler White Sox : LHP Francisco Rodríguez
Batting: RHB Germano Labrego 0-0: Ball
1-0: Ball
2-0: Called Strike
2-1: Swinging Strike
2-2: DOUBLE (Groundball, 5L)
Batting: RHB Albert Lutz 0-0: Ball
1-0: Foul Ball, location: 2F
1-1: Ball
2-1: Called Strike
2-2: Ball
3-2: Foul Ball, location: 2F
3-2: Strikes out swinging
Batting: LHB Shane Lynch 0-0: SINGLE (Groundball, 34D) (infield hit)
Germano Labrego to third
Batting: LHB John Hudson 0-0: Swinging Strike
0-1: Foul Ball, location: 2F
0-2: Hit by Pitch
Shane Lynch to second
Batting: RHB Donald Sanford 0-0: Called Strike
0-1: Swinging Strike
Balk!
Germano Labrego scores
Shane Lynch to third
John Hudson to second
0-2: Ball
1-2: Ball
2-2: SINGLE (Groundball, 5)
Shane Lynch scores
John Hudson to third
Runner from 3rd tries for Home, SAFE, throw made home
Donald Sanford to second
Pitching: LHP Dexter Browning
Batting: LHB Wally Coker 0-0: Called Strike
0-1: Swinging Strike
0-2: Ball
1-2: Strikes out swinging
Batting: LHB Alfonso Ruíz 0-0: Hit by Pitch
Batting: RHB Von Ford 0-0: Fly out, F7 (Line Drive, 7S)
Bottom of the 6th over - 3 run(s), 3 hit(s), 0 error(s), 2 left on base; Butler 0 - Reading 10
TOP OF THE 7TH
Butler White Sox batting - Pitching for Reading Rainbows : LHP Tomás López
Batting: RHB Evan Robinson 0-0: Foul Ball, location: 2F
0-1: Foul Ball, location: 2F
0-2: Foul Ball, location: 2F
0-2: Ball
1-2: Ball
2-2: Strikes out swinging
Batting: LHB Ron Crawford 0-0: Ball
1-0: Ball
2-0: Ball
3-0: Base on Balls
Pitching: RHP Chris Lee
Pinch Hitting: SHB Pedro Martínez 0-0: Ball
1-0: Ball
2-0: Fly out, F7 (Flyball, 7LM)
Batting: LHB Mike Pearson 0-0: Ball
Ron Crawford steals 2nd base
1-0: Called Strike
1-1: Swinging Strike
1-2: Ball
2-2: Ground out 4-3 (Groundball, 34)
Top of the 7th over - 0 run(s), 0 hit(s), 0 error(s), 1 left on base; Butler 0 - Reading 10
BOTTOM OF THE 7TH
Reading Rainbows batting - Pitching for Butler White Sox : LHP Dexter Browning
Now at SS: Thomas Dixon
Batting: RHB Dan Banks 0-0: Ball
1-0: Ball
2-0: Foul Ball, location: 2F
2-1: Swinging Strike
2-2: Foul Ball, location: 2F
2-2: Strikes out swinging
Batting: RHB Germano Labrego 0-0: Fly out, F9 (Flyball, 89D)
Batting: RHB Albert Lutz 0-0: Ball
1-0: Called Strike
1-1: Swinging Strike
1-2: Ball
2-2: Foul Ball, location: 2F
2-2: Foul Ball, location: 2F
2-2: SINGLE (Groundball, 6MD)
Batting: LHB Shane Lynch 0-0: 2-RUN HOME RUN (Line Drive, 9D), Distance : 383 ft
Batting: LHB John Hudson 0-0: Foul Ball, location: 2F
0-1: Foul Ball, location: 2F
0-2: Strikes out swinging
Bottom of the 7th over - 2 run(s), 2 hit(s), 0 error(s), 0 left on base; Butler 0 - Reading 12
TOP OF THE 8TH
Butler White Sox batting - Pitching for Reading Rainbows : RHP Chris Lee
Batting: LHB Don Hull 0-0: Ball
1-0: Called Strike
1-1: Ball
2-1: Ball
3-1: SINGLE (Groundball, 34D) (infield hit)
Batting: RHB Rodney González 0-0: Ball
Wild Pitch!
Don Hull to second
1-0: Ball
2-0: Called Strike
2-1: Ball
3-1: Fly out, F3 (Line Drive, 3)
Batting: RHB Luis Ramos 0-0: Foul Ball, location: 2F
0-1: Ball
1-1: SINGLE (Groundball, 4M)
Don Hull to third
Batting: SHB Ben Marks 0-0: Fly out, F8 (Flyball, 8RM)
Runner from 3rd tags up, SCORES, no throw
Batting: LHB Dave Cook 0-0: Ball
1-0: Foul Ball, location: 2F
1-1: DOUBLE (Line Drive, 9D)
Luis Ramos to third
Batting: RHB Evan Robinson 0-0: Ball
1-0: Called Strike
1-1: Ground out 6-3 (Groundball, 6S)
Top of the 8th over - 1 run(s), 3 hit(s), 0 error(s), 2 left on base; Butler 1 - Reading 12
BOTTOM OF THE 8TH
Reading Rainbows batting - Pitching for Butler White Sox : LHP Dexter Browning
Batting: RHB Donald Sanford 0-0: Swinging Strike
0-1: Ball
1-1: Ball
2-1: Foul Ball, location: 2F
2-2: Foul Ball, location: 2F
2-2: Foul Ball, location: 2F
2-2: Strikes out swinging
Batting: LHB Wally Coker 0-0: SINGLE (Groundball, 5D)
Pinch Hitting: RHB Hubert Brown 0-0: Ball
1-0: Ball
2-0: Ball
3-0: Called Strike
3-1: Foul Ball, location: 2F
3-2: Foul Ball, location: 2F
3-2: Fly out, F6 (Popup, 6D)
Batting: RHB Von Ford 0-0: Swinging Strike
0-1: SINGLE (Groundball, 4MD)
Wally Coker to second
Pinch Hitting: RHB Juan Magdayao 0-0: Ball
1-0: Ball
2-0: Ball
3-0: Called Strike
3-1: DOUBLE (Line Drive, 78D)
Wally Coker scores
Von Ford to third
Runner from 3rd tries for Home, SAFE, no throw or cutoff
Pitching: LHP Domingo Morales
Batting: RHB Germano Labrego 0-0: Called Strike
0-1: Ball
1-1: Ball
2-1: Swinging Strike
2-2: Ball
3-2: Base on Balls
Batting: RHB Albert Lutz 0-0: Fly out, F7 (Flyball, 7D)
Bottom of the 8th over - 2 run(s), 3 hit(s), 0 error(s), 2 left on base; Butler 1 - Reading 14
TOP OF THE 9TH
Butler White Sox batting - Pitching for Reading Rainbows : RHP Chris Lee
Now at 3B: Tim Davis
Now at SS: Kyle Hollingsworth
Now in RF: Carlos Huerta
Batting: LHB Ron Crawford 0-0: Ball
1-0: Ball
2-0: Ball
3-0: Base on Balls
Batting: LHB Thomas Dixon 0-0: Called Strike
0-1: Swinging Strike
0-2: Strikes out looking
Batting: LHB Mike Pearson 0-0: Fly out, F4 (Popup, 4MS)
Batting: LHB Don Hull 0-0: Ball
1-0: Swinging Strike
1-1: Swinging Strike
1-2: Strikes out swinging
Top of the 9th over - 0 run(s), 0 hit(s), 0 error(s), 1 left on base; Butler 1 - Reading 14
Monday, December 5th, 2016 - OOTP Baseball 17.12 Build 75